 Dungeon Crawl Stone Soup version 0.30-b1-2-g02819fbbbe (webtiles) character file.

Game seed: 14006962993090402664

7700 Fartwhistle the Skirmisher (level 11, -9/86 HPs)
             Began as a Gnoll Hunter on Oct 22, 2023.
             Was an Elder of Vehumet.
             Mangled by a +0 quarterstaff of chaos (19 damage)
             ... on level 8 of the Dungeon.
             The game lasted 00:25:37 (8211 turns).

Fartwhistle the Skirmisher (Gnoll Hunter)           Turns: 8211, Time: 00:25:38

Health: -9/86      AC: 14    Str: 15    XL:     11   Next: 19%
Magic:  20/20      EV: 19    Int: 12    God:    Vehumet [****..]
Gold:   802        SH:  0    Dex: 15    Spells: 14/22 levels left

rFire   . . .        a - +0 shortbow
rCold   + + .        (shield currently unavailable)
rNeg    + . .        B - +1 ring mail {rC+}
rPois   .            (no helmet)
rElec   .            S - +1 cloak
rCorr   .            j - +2 pair of gloves {Str+3}
SInv    .            G - +0 pair of boots
Will    .....        g - amulet of regeneration
Stlth   +++          i - ring "Eseato Uwuno" {rC+ rN+}
HPRegen 1.14/turn    V - +5 ring of evasion
MPRegen 0.17/turn

%: no passive effects
@: no status effects
A: fangs 1, strong nose, distributed training
a: Renounce Religion


You were on level 8 of the Dungeon.
You worshipped Vehumet.
Vehumet was greatly pleased with you.
You visited 2 branches of the dungeon, and saw 11 of its levels.
You also visited: Bailey.

You collected 1112 gold pieces.
You spent 310 gold pieces at shops.

Inventory:

Hand Weapons
 a - a +0 shortbow (weapon)
 r - a +1 hand axe of venom
 A - a +4 dire flail of protection
 J - a +5 halberd
 M - the +4 quarterstaff of World's End {heavy, rF++ Int-3 Stlth+}
   (You found it on level 6 of the Dungeon)

   Int:       It affects your intelligence (-3).
   rF:        It greatly protects you from fire.
   Stlth:     It makes you more stealthy.
Missiles
 k - 29 boomerangs
 m - 32 poisoned darts
 n - 2 throwing nets
Armour
 c - a +1 leather armour
 j - a +2 pair of gloves of strength (worn)
 B - a +1 ring mail of cold resistance (worn)
 G - a +0 pair of boots (worn)
 S - a +1 cloak (worn)
Magical Staves
 F - a staff of poison
 X - a staff of air
Jewellery
 g - an amulet of regeneration (around neck)
 i - the ring "Eseato Uwuno" (left hand) {rC+ rN+}
   (You found it on level 5 of the Dungeon)

   [ring of protection from cold]

   rC:        It protects you from cold.
   rN:        It protects you from negative energy.
 o - a ring of fire
 z - an amulet of faith
 K - a +6 ring of dexterity
 Q - a +6 ring of intelligence
 V - a +5 ring of evasion (right hand)
Wands
 y - a wand of flame (12)
 E - a wand of iceblast (7)
 Y - a wand of charming (4)
Scrolls
 b - 3 scrolls of immolation
 f - 2 scrolls of enchant armour
 h - a scroll of noise {unknown}
 p - a scroll of enchant weapon {unknown}
 t - 4 scrolls of teleportation {unknown}
 w - 3 scrolls of amnesia
 x - 4 scrolls of fear {unknown}
 C - 3 scrolls of poison
 D - a scroll of magic mapping
 H - a scroll of brand weapon {unknown}
 P - 2 scrolls of fog {unknown}
 Z - a scroll of vulnerability {unknown}
Potions
 d - 3 potions of mutation
 e - a potion of haste {unknown}
 l - 3 potions of lignification {unknown}
 q - 3 potions of heal wounds
 u - 3 potions of curing
 v - 2 potions of ambrosia
 I - a potion of resistance {unknown}
 L - a potion of cancellation {unknown}
 N - 2 potions of invisibility
 O - 4 potions of flight
 R - a potion of berserk rage {unknown}
 T - a potion of magic {unknown}
 W - a potion of brilliance {unknown}


   Skills:
 + Level 7.9 Fighting
 + Level 6.3 Short Blades
 + Level 6.3 Long Blades
 + Level 6.3 Axes
 + Level 6.3 Maces & Flails
 + Level 6.3 Polearms
 + Level 6.3 Staves
 + Level 10.6 Ranged Weapons
 + Level 6.3 Throwing
 + Level 6.3 Armour
 + Level 7.9 Dodging
 + Level 6.7 Stealth
 + Level 6.3 Shields
 + Level 6.3 Unarmed Combat
 + Level 6.3 Spellcasting
 + Level 5.2 Conjurations
 + Level 5.2 Hexes
 + Level 5.2 Summonings
 + Level 5.2 Necromancy
 + Level 5.2 Translocations
 + Level 5.2 Transmutations
 + Level 5.2 Fire Magic
 + Level 5.2 Ice Magic
 + Level 5.2 Air Magic
 + Level 5.2 Earth Magic
 + Level 5.2 Poison Magic
 + Level 6.9 Invocations
 + Level 6.3 Evocations


You had 14 spell levels left.
You knew the following spells:

 Your Spells              Type           Power      Damage    Failure   Level
a - Mephitic Cloud        Conj/Pois/Air  16%        N/A       3%          3
b - Poisonous Vapours     Pois/Air       32%        N/A       1%          2
c - Ignite Poison         Fire/Tmut/Pois 16%        N/A       3%          3

Your spell library contained the following spells:

 Spells                   Type           Power      Damage    Failure   Level
 Iskenderun's Battlesphe  Conj           16%        2d7       26%         5
 Freeze                   Ice            64%        1d7       1%          1
 Apportation              Tloc           32%        N/A       3%          1
 Beastly Appendage        Tmut           32%        N/A       3%          1
 Frozen Ramparts          Ice            32%        1d5       3%          3
 Hailstorm                Conj/Ice       16%        3d6       3%          3
 Wereblood                Tmut           16%        N/A       5%          2
 Spider Form              Tmut/Pois      16%        N/A       11%         3
 Passage of Golubria      Tloc           16%        N/A       36%         4
 Summon Forest            Summ/Tloc      8%         N/A       71%         5
 Eringya's Noxious Bog    Tmut/Pois      8%         N/A       78%         6
 Orb of Destruction       Conj           8%         9d6       99%         7
 Summon Hydra             Summ           8%         N/A       100%        7


Dungeon Overview and Level Annotations

Branches:
Dungeon (10/15)            Temple (1/1) D:5          Bailey (visited)
   Lair: D:8-11         Orc: D:9-12

Altars:
Ashenzari
Cheibriados
Dithmenos
Elyvilon
Fedhas
Gozag
Hepliaklqana
Kikubaaqudgha
Makhleb
Nemelex Xobeh
Okawaru
Qazlal
Sif Muna
Trog
Uskayaw
Vehumet
Wu Jian
Xom
Zin
The Shining One

Shops:
D:5 ?   D:7 [   D:9 (

Annotations:
D:8 noone's ghost, novice GrEE
D:9 exclusion: upstairs


Innate Abilities, Weirdness & Mutations

You have very sharp teeth.
Your uncanny sense of smell can sniff out nearby items.
Your experience applies equally to all skills.


Message History

Search for what [Enter for "."]? range You see here a howler monkey corpse.
Found a runed translucent door.
Found a shimmering altar of Xom.
Noone's ghost turns its malevolent gaze towards you.
Found an escape hatch in the ceiling.
Things that are here:
a +0 battleaxe; a +0 robe You now have 802 gold pieces (gained 16).
Found an escape hatch in the floor.
Found 6 stones.
You see here a +0 club.
Key pressed, stopping explore.
There is a stone staircase leading up here.
Key pressed, stopping explore.
The deep elf pyromancer shouts!
Could not explore, unopened runed door.
Could not explore, unopened runed door.
Could not explore, unopened runed door.
Could not explore, unopened runed door.
You open the door. The +0 quarterstaff of chaos hits you!
You suddenly lose the ability to move!
Noone's ghost turns its malevolent gaze towards you.
The +0 quarterstaff of chaos hits you!!
The +0 quarterstaff of chaos freezes you.
The +0 quarterstaff of chaos completely misses you.
The +0 quarterstaff of chaos hits you!
The +0 quarterstaff of chaos freezes you.
The +0 quarterstaff of chaos hits you. The +0 quarterstaff of chaos burns you.
The +0 quarterstaff of chaos hits you!
* * * LOW HITPOINT WARNING * * *
You easily resist.
The +0 quarterstaff of chaos hits you!
* * * LOW HITPOINT WARNING * * *
You can move again.
Okay, then.
The +0 quarterstaff of chaos attacks as you move away!
The +0 quarterstaff of chaos hits you but does no damage.
The +0 quarterstaff of chaos hits you!!
You die...

##.#..u°.C.C#.###.......##....
#.#..R.○..c#..##....#...#....
#.#>....○.e#.......###.#.....
#.##########.########........
#....÷.......# ##..........
#######.....## #...........
####..### ###.....#...
##...### ####..###.#
#.@(#.###......##.#
#...W_.#...........
##..#=###..##...... #..###
#........## #### ##.......##
#.....#... #.....#...
##........ ##..>.....


You could see a centaur warrior (wandering), a deep elf pyromancer, a +0
quarterstaff of chaos and noone's ghost.

Vanquished Creatures
  A gargoyle (D:6)
  A hornet (D:8)
  Grinder (D:4)
  5 slime creatures (D:9)
  A wraith (D:5)
  5 yaks (D:8)
  A steam dragon (D:7)
  Edmund (D:4)
  Menkaure (D:5)
  A water moccasin (D:9)
  4 ice beasts
  2 black bears
  5 orc warriors
  3 sky beasts
  4 ogres
  4 centaurs
  4 kobold brigands
  3 bullfrogs
  2 gnoll sergeants
  3 scorpions
  7 wights
  9 killer bees (D:9)
  2 howler monkeys (D:8)
  An electric eel (D:6)
  A jelly (D:4)
  4 hounds
  2 gnoll boudas
  8 orc priests
  A sleepcap (D:4)
  4 iguanas
  10 orc wizards
  23 gnolls
  9 adders
  2 worms
  3 dart slugs
  24 orcs
  3 bats
  6 endoplasms
  3 giant cockroaches
  12 hobgoblins
  40 kobolds
  5 quokkas
  6 ball pythons
  2 frilled lizards
  14 goblins
  4 rats
257 creatures vanquished.

Vanquished Creatures (others)
  An ugly thing (D:8)
  10 plants (D:6)
11 creatures vanquished.

Grand Total: 268 creatures vanquished

Notes
Turn   | Place    | Note
-------+----------+-------------------------------------------
     0 | D:1      | Fartwhistle the Gnoll Hunter began the quest for the Orb.
     0 | D:1      | Reached XP level 1. HP: 20/20 MP: 1/1
   119 | D:1      | Reached XP level 2. HP: 26/26 MP: 2/2
   572 | D:2      | Reached XP level 3. HP: 31/31 MP: 3/3
   790 | D:2      | Reached skill level 1 in Invocations
  1000 | D:3      | Noticed an ice beast
  1046 | D:3      | Reached skill level 1 in Short Blades
  1046 | D:3      | Reached skill level 1 in Long Blades
  1046 | D:3      | Reached skill level 1 in Axes
  1046 | D:3      | Reached skill level 1 in Maces & Flails
  1046 | D:3      | Reached skill level 1 in Polearms
  1046 | D:3      | Reached skill level 1 in Staves
  1046 | D:3      | Reached skill level 1 in Throwing
  1046 | D:3      | Reached skill level 1 in Armour
  1046 | D:3      | Reached skill level 1 in Shields
  1046 | D:3      | Reached skill level 1 in Unarmed Combat
  1046 | D:3      | Reached skill level 1 in Spellcasting
  1046 | D:3      | Reached skill level 1 in Evocations
  1058 | D:3      | Reached XP level 4. HP: 28/38 MP: 5/5
  1066 | D:3      | Reached skill level 1 in Conjurations
  1066 | D:3      | Reached skill level 1 in Hexes
  1066 | D:3      | Reached skill level 1 in Summonings
  1066 | D:3      | Reached skill level 1 in Necromancy
  1066 | D:3      | Reached skill level 1 in Translocations
  1066 | D:3      | Reached skill level 1 in Transmutations
  1066 | D:3      | Reached skill level 1 in Fire Magic
  1066 | D:3      | Reached skill level 1 in Ice Magic
  1066 | D:3      | Reached skill level 1 in Air Magic
  1066 | D:3      | Reached skill level 1 in Earth Magic
  1066 | D:3      | Reached skill level 1 in Poison Magic
  1319 | D:3      | Reached XP level 5. HP: 43/43 MP: 5/7
  1744 | D:3      | Killed an ice beast
  1745 | D:3      | Reached XP level 6. HP: 34/50 MP: 8/8
  1932 | D:3      | Reached skill level 5 in Fighting
  1932 | D:3      | Reached skill level 5 in Dodging
  2290 | D:4      | Noticed Edmund
  2311 | D:4      | Killed Edmund
  2312 | D:4      | Reached XP level 7. HP: 27/56 MP: 10/10
  2716 | D:4      | Noticed Grinder
  2725 | D:4      | Paralysed by Grinder for 3 turns
  2736 | D:4      | Killed Grinder
  2737 | D:4      | Reached skill level 9 in Ranged Weapons
  3028 | D:5      | Entered Level 5 of the Dungeon
  3028 | D:5      | Found Wixuc's Magic Scroll Emporium.
  3079 | D:5      | Bought a scroll of identify for 26 gold pieces
  3079 | D:5      | Bought a scroll of identify for 26 gold pieces
  3079 | D:5      | Bought a scroll of magic mapping for 97 gold pieces
  3141 | D:5      | Identified the ring "Eseato Uwuno" {rC+ rN+}
  3166 | D:5      | Reached XP level 8. HP: 63/63 MP: 12/12
  3185 | D:5      | Found a staircase to the Ecumenical Temple.
  3217 | Temple   | Entered the Ecumenical Temple
  3269 | Temple   | Became a worshipper of Vehumet
  3532 | D:5      | Noticed Menkaure
  3537 | D:5      | Killed Menkaure
  3879 | D:6      | Noticed a wraith
  3912 | D:5      | Killed a wraith
  4105 | D:6      | Noticed a gargoyle
  4115 | D:6      | Killed a gargoyle
  4116 | D:6      | Reached XP level 9. HP: 55/69 MP: 13/15
  4155 | D:6      | Found an ornate altar of the Wu Jian Council.
  4156 | D:6      | Found a shimmering altar of Xom.
  4190 | D:6      | Got Sif Muna's Compilation of Moving Injury
  4348 | D:5      | Reached skill level 5 in Stealth
  4446 | D:6      | Reached * piety under Vehumet
  4446 | D:6      | Offered knowledge of Sandblast by Vehumet.
  4550 | D:6      | Reached skill level 5 in Invocations
  4731 | D:6      | Identified the +4 quarterstaff of World's End {heavy, rF++
                  | Int-3 Stlth+}
  4996 | D:7      | Offered knowledge of Poisonous Vapours by Vehumet.
  5026 | D:7      | Learned a level 3 spell: Mephitic Cloud
  5029 | D:7      | Learned a level 2 spell: Poisonous Vapours
  5047 | D:7      | Reached ** piety under Vehumet
  5061 | D:7      | Reached skill level 5 in Short Blades
  5061 | D:7      | Reached skill level 5 in Long Blades
  5061 | D:7      | Reached skill level 5 in Axes
  5061 | D:7      | Reached skill level 5 in Maces & Flails
  5061 | D:7      | Reached skill level 5 in Polearms
  5061 | D:7      | Reached skill level 5 in Staves
  5061 | D:7      | Reached skill level 5 in Throwing
  5061 | D:7      | Reached skill level 5 in Armour
  5061 | D:7      | Reached skill level 5 in Shields
  5061 | D:7      | Reached skill level 5 in Unarmed Combat
  5061 | D:7      | Reached skill level 5 in Spellcasting
  5061 | D:7      | Reached skill level 5 in Evocations
  5071 | D:7      | Reached XP level 10. HP: 72/77 MP: 17/17
  5109 | D:7      | Found a flagged portal.
  5126 | Bailey   | Entered a bailey
  5182 | Bailey   | Identified the +1 leather armour "Vewnefu" {Harm *Slow
                  | rF++}
  5190 | Bailey   | Reached skill level 10 in Ranged Weapons
  5339 | Bailey   | Offered knowledge of Static Discharge by Vehumet.
  5676 | D:7      | Found a blossoming altar of Fedhas.
  6050 | D:7      | Found Itamastri's Armour Boutique.
  6058 | D:7      | Bought a +1 cloak for 161 gold pieces
  6156 | D:7      | Reached *** piety under Vehumet
  6383 | D:8      | Identified the +6 scale mail of Day {+Blink rElec rF++
                  | Str-2}
  6998 | D:9      | Found Tedum's Hydra Hut.
  7000 | D:9      | Noticed a five-headed hydra
  7010 | D:9      | Found a stormy altar of Qazlal.
  7054 | D:9      | Offered knowledge of Ignite Poison by Vehumet.
  7059 | D:9      | Learned a level 3 spell: Ignite Poison
  7407 | D:10     | Entered Level 10 of the Dungeon
  7407 | D:10     | Found an ancient bone altar of Kikubaaqudgha.
  7527 | D:9      | Reached skill level 5 in Conjurations
  7527 | D:9      | Reached skill level 5 in Hexes
  7527 | D:9      | Reached skill level 5 in Summonings
  7527 | D:9      | Reached skill level 5 in Necromancy
  7527 | D:9      | Reached skill level 5 in Translocations
  7527 | D:9      | Reached skill level 5 in Transmutations
  7527 | D:9      | Reached skill level 5 in Fire Magic
  7527 | D:9      | Reached skill level 5 in Ice Magic
  7527 | D:9      | Reached skill level 5 in Air Magic
  7527 | D:9      | Reached skill level 5 in Earth Magic
  7527 | D:9      | Reached skill level 5 in Poison Magic
  7529 | D:9      | Reached XP level 11. HP: 85/85 MP: 20/20
  7757 | D:8      | Reached **** piety under Vehumet
  7909 | D:8      | Noticed a green ugly thing
  7909 | D:8      | Noticed a manticore
  7910 | D:8      | Noticed a deep elf pyromancer
  7912 | D:8      | Noticed a cyan ugly thing
  7912 | D:8      | Noticed a cyclops
  7913 | D:8      | Noticed a centaur warrior
  7946 | D:8      | Noticed a cyclops
  7946 | D:8      | Noticed a deep elf pyromancer
  7946 | D:8      | Noticed a cyclops
  7976 | D:8      | Offered knowledge of Iskenderun's Battlesphere by Vehumet.
  7980 | D:8      | Found a runed translucent door.
  7981 | D:8      | Found a shimmering altar of Xom.
  7981 | D:8      | Noticed noone's ghost (novice GrEE)
  7981 | D:8      | Noticed a +0 quarterstaff of chaos
  8127 | D:8      | Killed a green ugly thing
  8206 | D:8      | Paralysed by a +0 quarterstaff of chaos for 5 turns
  8211 | D:8      | Mangled by a +0 quarterstaff of chaos

Illustrated notes

Levels and vault maps discovered:
D:1:      psy_arrival_spokes, layout_basic, hangedman_decor_peaks_small
D:2:      layout_rooms, grunt_ministairs_10, minivault_23, item_on_display_a
D:3:      layout_loops_ring
D:4:      minmay_inner_zag, layout_basic, st_stairs_7, uniq_grinder, uniq_edmund
D:5:      layout_loops_cross, minmay_temple_entry_stoned_glass,
          serial_park_tiny_pond, nicolae_stop_n_shop_2, uniq_menkaure
D:6:      kennysheep_housing_project, layout_rooms, nicolae_overflow_squiral
D:7:      layout_basic, kennysheep_little_box, serial_shops,
          nicolae_shop_getting_attention, enter_bailey_3,
          chequers_serial_rivers_room_b
D:8:      layout_cave_pools, ebering_ghost_xom, minivault_12
D:9:      layout_basic, nicolae_qazlal_style_of_elements, doesnt_shop_hydraphobe
D:10:     layout_roguey, gammafunk_temple_of_torment,
          nicolae_ru_sacrificial_ziggurat, due_lair_maze_entry_diamond,
          serial_curves, eino_curves_01, eino_curves_02
Temple:   hellmonk_temple_of_storms

Skill      XL: |  1  2  3  4  5  6  7  8  9 10 |
---------------+-------------------------------+-----
Invocations    | 1 2 3 4 5 6 |  6.9
Short Blades   | 1 2 3 4 5 6 |  6.3
Long Blades    | 1 2 3 4 5 6 |  6.3
Axes           | 1 2 3 4 5 6 |  6.3
Maces & Flails | 1 2 3 4 5 6 |  6.3
Polearms       | 1 2 3 4 5 6 |  6.3
Staves         | 1 2 3 4 5 6 |  6.3
Throwing       | 1 2 3 4 5 6 |  6.3
Armour         | 1 2 3 4 5 6 |  6.3
Shields        | 1 2 3 4 5 6 |  6.3
Unarmed Combat | 1 2 3 4 5 6 |  6.3
Spellcasting   | 1 2 3 4 5 6 |  6.3
Evocations     | 1 2 3 4 5 6 |  6.3
Conjurations   | 1 2 3 4 5 |  5.2
Hexes          | 1 2 3 4 5 |  5.2
Summonings     | 1 2 3 4 5 |  5.2
Necromancy     | 1 2 3 4 5 |  5.2
Translocations | 1 2 3 4 5 |  5.2
Transmutations | 1 2 3 4 5 |  5.2
Fire Magic     | 1 2 3 4 5 |  5.2
Ice Magic      | 1 2 3 4 5 |  5.2
Air Magic      | 1 2 3 4 5 |  5.2
Earth Magic    | 1 2 3 4 5 |  5.2
Poison Magic   | 1 2 3 4 5 |  5.2
Stealth        | 3 4 5 6 |  6.7
Fighting       | 5 6 7 |  7.9
Dodging        | 5 6 7 |  7.9
Ranged Weapons | 9 10 | 10.6

Action                     |  1- 3 |  4- 6 |  7- 9 | 10-12 || total
---------------------------+-------+-------+-------+-------++-------
  Melee: Hand axe          |       |    55 |    16 |       ||    71
         Bite              |       |     5 |    21 |    13 ||    39
         Punch             |       |     1 |     1 |       ||     2
         Dire flail        |       |       |   127 |   140 ||   267
         Quarterstaff      |       |       |       |    34 ||    34
   Fire: Shortbow          |    62 |    68 |   296 |   300 ||   726
   Cast: Poisonous Vapours |       |       |       |     8 ||     8
         Mephitic Cloud    |       |       |       |     3 ||     3
  Evoke: Wand              |       |       |     2 |       ||     2
    Use: Scroll            |       |     1 |     5 |     4 ||    10
   Stab: Sleeping          |       |     1 |     3 |       ||     4
 Armour: Leather armour    |     2 |    20 |       |       ||    22
         Ring mail         |       |       |   117 |   141 ||   258
  Dodge: Dodged            |     2 |    46 |   228 |   360 ||   636
